Map: Gresvan LE

Players

SantaClaus - Winner!

  • Race: Terran Terran
  • League: Master
  • Spawn Location: 11:00

RustyShacky

  • Race: Terran Terran
  • League: Diamond
  • Spawn Location: 5:00

VOD

Have the link to the VOD?

Description

Time

  • Played on: Aug. 3, 2023, 1:39 a.m.
  • Length: 12:51
Show
View Real Time Build Order
Export as new Build Order

SantaClaus Terran - Winner!

Build Orders:  

Get SALT Encoding   

  12  0:02  SCV  
  13  0:14  SCV  
  13  0:18  Supply Depot  
  14  0:26  SCV  
  15  0:39  SCV  
  16  0:42  Barracks  
  16  0:46  Refinery  
  16  0:55  Refinery, SCV  
  17  1:07  SCV  
  18  1:22  SCV  
  19  1:29  Supply Depot  
  19  1:33  Reaper  
  19  1:38  Orbital Command  
  20  1:47  Factory  
  20  2:04  SCV  
  20  2:05  Reaper  
  22  2:16  SCV  
  23  2:28  SCV  
  24  2:31  Command Center  
  24  2:39  Starport  
  24  2:44  SCV  
  24  2:48  Barracks Reactor  
  25  2:53  Widow Mine  
  25  2:56  SCV  
  28  3:03  Supply Depot  
  28  3:09  SCV  
  29  3:16  Factory Tech Lab, Starport Tech Lab  
  29  3:21  SCV  
  29  3:23  Refinery  
  29  3:26  Marine x2  
  32  3:33  SCV  
  33  3:36  Cyclone  
  36  3:42  Orbital Command  
  36  3:44  Marine x2  
  36  3:45  SCV  
  39  3:49  Supply Depot  
  39  3:53  Raven  
  41  3:57  SCV  
  42  4:04  Marine x2  
  42  4:08  SCV  
  42  4:09  SCV  
  46  4:13  Siege Tank  
  49  4:20  Supply Depot  
  49  4:21  SCV x2  
  51  4:28  Raven  
  51  4:29  Marine x2  
  55  4:33  SCV x2  
  57  4:40  Supply Depot  
  57  4:45  Siege Tank, SCV x2  
  58  4:50  Marine x2  
  64  4:54  Supply Depot  
  64  4:57  SCV x2  
  66  5:02  Raven  
  68  5:08  Marine x2  
  68  5:09  SCV  
  68  5:10  SCV  
  72  5:17  Command Center  
  72  5:24  Supply Depot  
  72  5:25  Marine, Siege Tank  
  72  5:27  Marine  
  77  5:29  SCV  
  77  5:30  SCV  
  79  5:41  SCV  
  79  5:42  SCV  
  81  5:46  Supply Depot  
  81  5:47  Refinery  
  81  5:51  Starport Reactor  
  81  5:55  SCV x2  
  83  6:05  Barracks  
  83  6:06  Engineering Bay x2  
  83  6:07  SCV x2, Barracks  
  83  6:08  Supply Depot  
  85  6:19  SCV x2  
  87  6:31  SCV x2  
  81  6:42  Marine  
  81  6:43  SCV x2, Viking x2  
  81  6:55  SCV  
  75  7:11  SCV  
  75  7:12  SCV x2  
  75  7:13  Viking x2  
  79  7:19  Missile Turret  
  79  7:21  Missile Turret  
  79  7:23  Missile Turret, SCV  
  79  7:24  SCV x2  
  79  7:34  Terran Infantry Armor Level 1, Terran Infantry Weapons Level 1  
  79  7:35  SCV  
  79  7:36  SCV x2  
  79  7:43  Viking x2  
  79  7:47  SCV  
  79  7:48  SCV x2  
  79  7:50  Marine x3, Barracks Reactor  
  85  7:51  Stimpack  
  85  7:52  Siege Tank  
  85  7:56  Supply Depot  
  88  7:59  SCV  
  88  8:00  SCV  
  88  8:01  Refinery  
  88  8:02  Refinery  
  88  8:03  Orbital Command  
  90  8:12  SCV x2  
  92  8:13  Viking x2  
  92  8:18  Command Center  
  96  8:20  Marine x2  
  96  8:21  Marine  
  96  8:24  SCV x2  
  96  8:26  Barracks  
  96  8:27  Factory, Barracks  
  101  8:30  SCV  
  101  8:33  Supply Depot  
  101  8:34  Supply Depot x2  
  100  8:36  Marine, SCV x2  
  100  8:37  Marine  
  100  8:38  Marine x2  
  106  8:42  SCV  
  106  8:43  Viking x2  
  106  8:48  SCV  
  110  8:59  Marine x5  
  110  9:00  Siege Tank  
  118  9:03  Supply Depot  
  118  9:04  Supply Depot  
  118  9:06  Armory  
  118  9:07  Supply Depot x2  
  118  9:08  Supply Depot x2  
  118  9:17  Marine x5  
  118  9:18  Missile Turret  
  118  9:22  Missile Turret  
  123  9:24  Missile Turret, Barracks Reactor x2  
  123  9:25  Factory Tech Lab  
  123  9:29  Missile Turret  
  123  9:32  Planetary Fortress  
  123  9:33  Missile Turret  
  123  9:34  Marine  
  123  9:35  Marine  
  123  9:36  Missile Turret  
  125  9:40  Marine  
  125  9:41  Marine x2  
  125  9:44  Siege Tank, Combat Shield  
  131  9:47  Siege Tank  
  131  9:52  Marine  
  134  9:53  Marine  
  134  9:54  Missile Turret  
  134  9:58  Marine x3  
  134  9:59  Missile Turret  
  139  10:00  Missile Turret, Marine  
  139  10:01  Marine x3  
  139  10:03  Medivac  
  139  10:04  Medivac  
  147  10:10  Marine  
  147  10:11  Marine  
  149  10:14  Missile Turret  
  149  10:16  Marine x3, Siege Tank  
  149  10:18  Marine  
  149  10:19  Marine x3  
  155  10:28  Marine x2  
  156  10:33  Marine, Medivac x2  
  156  10:34  Marine x2  
  160  10:36  Marine  
  160  10:40  Siege Tank  
  160  10:41  Marine x3  
  165  10:46  Marine x2  
  165  10:48  Siege Tank  
  170  10:51  Marine  
  170  10:52  Marine x2  
  170  10:54  Marine, Barracks x2  
  172  10:59  Marine x3, Barracks  
  172  11:03  Marine  
  172  11:04  Marine  
  172  11:09  Marine  
  172  11:10  Marine x2  
  176  11:12  Marine, Siege Tank  
  176  11:16  Marine  
  176  11:17  Marine  
  182  11:24  Marine x3  
  185  11:26  Siege Tank  
  185  11:27  Marine x3  
  185  11:30  Armory, Command Center  
  185  11:31  Supply Depot  
  191  11:33  Supply Depot  
  191  11:35  Marine  
  191  11:36  Marine x2  
  194  11:41  Marine  
  194  11:42  Marine x2, Command Center  
  194  11:45  Marine x3  
  198  11:47  Barracks Tech Lab x2  
  198  11:53  Marine  
  198  11:54  Marine  
  199  11:56  Barracks Tech Lab  
  200  12:03  Sensor Tower  
Show
View Real Time Build Order
Export as new Build Order

RustyShacky Terran 

Build Orders: Mech 

Get SALT Encoding   

  12  0:00  SCV  
  13  0:13  SCV  
  14  0:17  Supply Depot  
  14  0:25  SCV  
  15  0:38  SCV  
  15  0:39  Barracks  
  16  0:43  Refinery  
  16  0:50  SCV  
  16  0:53  Refinery  
  17  1:02  SCV  
  18  1:14  SCV  
  19  1:27  Reaper, Orbital Command  
  19  1:30  Supply Depot  
  20  1:43  Factory  
  20  1:56  SCV  
  21  2:01  Reaper  
  22  2:13  SCV  
  22  2:25  SCV  
  22  2:29  Command Center  
  23  2:40  Starport  
  23  2:42  Hellion  
  25  2:46  SCV  
  26  2:52  Supply Depot  
  26  2:58  SCV  
  27  3:10  SCV  
  28  3:19  Starport Tech Lab  
  28  3:22  Fusion Core, SCV  
  28  3:26  Factory Tech Lab  
  29  3:34  SCV  
  29  3:39  Supply Depot  
  30  3:43  Refinery  
  30  3:46  SCV  
  31  3:49  Orbital Command  
  31  3:58  SCV  
  32  4:11  SCV  
  32  4:13  Battlecruiser  
  39  4:17  SCV  
  39  4:23  SCV  
  41  4:25  Cyclone  
  41  4:29  SCV  
  45  4:31  Barracks Reactor  
  45  4:35  SCV  
  46  4:41  SCV  
  46  4:42  Supply Depot  
  47  4:47  SCV  
  48  4:53  SCV  
  48  4:57  Siege Tank  
  48  4:59  SCV  
  53  5:01  Refinery  
  53  5:05  SCV  
  54  5:08  Weapon Refit  
  54  5:10  Command Center  
  54  5:11  SCV  
  55  5:17  SCV  
  56  5:28  SCV  
  57  5:29  SCV  
  58  5:39  Battlecruiser  
  64  5:45  SCV x2  
  66  5:51  Siege Tank  
  69  5:57  SCV  
  70  6:06  Supply Depot  
  70  6:21  Supply Depot x2  
  70  6:22  Marine x2, SCV x2  
  68  6:34  SCV  
  64  6:40  Marine x2  
  47  7:01  Siege Tank  
  47  7:03  Battlecruiser  
  47  7:07  Marine  
  47  7:08  Marine  
  52  7:17  SCV  
  52  7:22  Orbital Command  
  53  7:25  Marine  
  53  7:29  SCV  
  50  7:30  Factory  
  50  7:31  Factory  
  50  7:32  Factory x2  
  48  7:41  SCV  
  49  7:47  SCV, Command Center  
  50  7:53  SCV  
  51  7:59  SCV  
  51  8:03  Supply Depot  
  51  8:04  Supply Depot  
  51  8:05  SCV  
  53  8:06  Infernal Pre-Igniter  
  53  8:11  SCV  
  53  8:27  SCV x2  
  55  8:37  Refinery  
  55  8:38  Factory Tech Lab x2  
  55  8:39  SCV x2, Factory Reactor, Factory Tech Lab  
  57  8:42  Battlecruiser  
  57  8:46  Refinery  
  57  8:59  SCV x2  
  60  9:03  Orbital Command  
  59  9:11  SCV  
  60  9:21  Cyclone  
  60  9:22  Cyclone  
  60  9:24  Hellion x4  
  74  9:39  Refinery, SCV x3  
  74  9:45  Hellion x3  
  85  9:46  Hellion  
  85  9:51  SCV x2  
  87  9:53  Siege Tank  
  87  9:54  Siege Tank, Supply Depot x2  
  93  10:07  Siege Tank, Engineering Bay  
  96  10:09  Armory  
  90  10:37  Orbital Command  
  79  11:04  Viking x2  
  79  11:06  Siege Tank x2  
  79  11:07  Siege Tank  
  92  11:23  Missile Turret  
  92  11:24  Missile Turret  
  92  11:32  SCV x2  
  94  11:33  Missile Turret, SCV  
  94  11:34  Missile Turret, Viking x2  
  94  11:35  Missile Turret x2  
  99  11:41  Siege Tank  
  99  11:44  SCV x2  
  99  11:45  SCV  
  105  11:50  Siege Tank x2  
  105  11:52  Hellion  
  113  11:56  SCV  
  113  11:57  SCV x2  
  113  11:59  Refinery  
  116  12:06  Siege Tank  
  119  12:13  Siege Tank  
  122  12:25  Sensor Tower  
  122  12:28  Missile Turret  
Tags
 
Composition
Mech
Matchup
TvT
Race
Terran
Spawn Locations
Cross Positions
Add a new tag
Caveats
  • Supply blocks, unpowered buildings, or Contaminate may cause inaccurate times.
  • Supply counts are checked every 10 seconds.